 Dungeon Crawl Stone Soup version 0.22-a0-417-g1387785 (webtiles) character file.

6 galech the Grave Robber (level 1, 0/13 HPs)
             Began as a Gnoll Wanderer on May 14, 2018.
             Slain by a rat (1 damage)
             ... on level 1 of the Dungeon.
             The game lasted 00:00:26 (282 turns).

galech the Grave Robber (Gnoll Wanderer)             Turns: 282, Time: 00:00:27

Health: 0/13       AC:  2    Str: 16    XL:     1   Next: 90%
Magic:  4/4        EV:  6    Int: 13    God:
Gold:   36         SH:  9    Dex: 13    Spells: 5/5 levels left

rFire    + . .     SeeInvis .   e - +0 club
rCold    . . .     Gourm    .   h - +2 shield {rF+}
rNeg     . . .     Faith    .   d - +0 robe
rPois    .         Spirit   .   (no helmet)
rElec    .         Reflect  .   (no cloak)
rCorr    .         Harm     .   (no gloves)
MR       .....                  (no boots)
Stlth    ++........             (no amulet)
HPRegen  0.04/turn              b - -2 ring of evasion (curse)
MPRegen  0.09/turn              (no ring)

@: no status effects
A: distributed training, fangs 1, strong nose
a: no special abilities


You were on level 1 of the Dungeon.
You were not hungry.

You visited 1 branch of the dungeon, and saw 1 of its levels.

You collected 36 gold pieces.

Inventory:

Hand Weapons
 e - a +0 club (weapon)
 f - a +0 dagger
Armour
 d - a +0 robe (worn)
 h - a +2 shield of fire resistance (worn)
Jewellery
 b - a cursed -2 ring of evasion (left hand)
Scrolls
 a - a scroll of amnesia {unknown}
 c - a scroll of identify {unknown}
Potions
 i - a potion of curing {unknown}
Comestibles
 g - 3 rations
 j - a chunk of flesh


   Skills:
 + Level 0.1 Fighting
 + Level 0.1 Short Blades
 + Level 0.1 Long Blades
 + Level 0.1 Axes
 + Level 0.1 Maces & Flails
 + Level 0.1 Polearms
 + Level 0.1 Staves
 + Level 0.1 Slings
 + Level 0.1 Bows
 + Level 0.1 Crossbows
 + Level 0.1 Throwing
 + Level 0.1 Armour
 + Level 0.1 Dodging
 + Level 4.0 Stealth
 + Level 0.1 Shields
 + Level 0.1 Unarmed Combat
 + Level 2.6 Spellcasting
 + Level 0.1 Conjurations
 + Level 0.1 Hexes
 + Level 0.1 Charms
 + Level 0.1 Summonings
 + Level 7.0 Necromancy
 + Level 0.1 Translocations
 + Level 0.1 Transmutations
 + Level 2.0 Fire Magic
 + Level 0.1 Ice Magic
 + Level 0.1 Air Magic
 + Level 2.0 Earth Magic
 + Level 2.0 Poison Magic
 + Level 0.2 Invocations
 + Level 0.1 Evocations


You had 5 spell levels left.
You didn't know any spells.
Your spell library contained the following spells:

 Spells                   Type           Power        Failure   Level  Hunger
 Magic Dart               Conj           #...         83%         1    #......
 Conjure Flame            Conj/Fire      #.......     97%         3    ###....
 Slow                     Hex            #.......     93%         2    ###....
 Mephitic Cloud           Conj/Pois/Air  #.......     98%         3    ###....
 Blink                    Tloc           N/A          93%         2    ###....
 Call Imp                 Summ           #.......     93%         2    ###....
 Sting                    Conj/Pois      #...         71%         1    #......
 Spider Form              Tmut/Pois      #.........   97%         3    ###....
 Flame Tongue             Conj/Fire      #....        71%         1    #......
 Inner Flame              Hex/Fire       #.......     97%         3    ###....


Dungeon Overview and Level Annotations

Branches:
Dungeon (1/15)

Altars:


Innate Abilities, Weirdness & Mutations

Your experience applies equally to all skills.
You have very sharp teeth.
Your uncanny sense of smell can sniff out nearby items.


Message History

You are too injured to fight recklessly!
You are too injured to fight recklessly!
You are too injured to fight recklessly!
You are too injured to fight recklessly!
You are too injured to fight recklessly!
You barely miss the rat. You block the rat's attack.
You hit the rat.
The rat is moderately wounded.
You block the rat's attack. The goblin barely misses you. The rat bites you.
* * * LOW HITPOINT WARNING * * *
You closely miss the rat.
The rat is moderately wounded.
You block the goblin's attack. The rat bites you.
* * * LOW HITPOINT WARNING * * *
The goblin hits you.
* * * LOW HITPOINT WARNING * * *
You closely miss the rat.
The rat is moderately wounded.
The rat bites you.
You die...

#.... #. #.. #######....
#.## #.. #......... ..# #..
#........# ###.# #..
#.....!..# #...## #..
#........# #....##### #..
#........# #........###..
#........#####.†...........
########.r@..%.!.#.........
#.g.......#........#
#.........#........#
#........###.##....#
#........# #..#....#
#.....†..# ##.######
#........# #...#####
########## #...#....
#^..#....


You could see a goblin and a rat.

Vanquished Creatures
  2 dart slugs (D:1)
  A frilled lizard (D:1)
3 creatures vanquished.

Notes
Turn   | Place    | Note
-------+----------+-------------------------------------------
     0 | D:1      | galech the Gnoll Wanderer began the quest for the Orb.
     0 | D:1      | galech set off with: a +0 robe, a +0 club, a +0 dagger, a ration
     0 | D:1      | Reached XP level 1. HP: 13/13 MP: 4/4
   282 | D:1      | Slain by a rat

Vault maps used:
D:1:      ncdulo_watergridlock, ashenzari_altar_1

Skill      XL: |  1 |
---------------+----+-----
Fire Magic     | 2 |  2.0
Earth Magic    | 2 |  2.0
Poison Magic   | 2 |  2.0
Fighting       | |  0.1
Short Blades   | |  0.1
Long Blades    | |  0.1
Axes           | |  0.1
Maces & Flails | |  0.1
Polearms       | |  0.1
Staves         | |  0.1
Slings         | |  0.1
Bows           | |  0.1
Crossbows      | |  0.1
Throwing       | |  0.1
Armour         | |  0.1
Dodging        | |  0.1
Stealth        | |  4.0
Shields        | |  0.1
Unarmed Combat | |  0.1
Spellcasting   | |  2.6
Conjurations   | |  0.1
Hexes          | |  0.1
Charms         | |  0.1
Summonings     | |  0.1
Necromancy     | |  7.0
Translocations | |  0.1
Transmutations | |  0.1
Ice Magic      | |  0.1
Air Magic      | |  0.1
Invocations    | |  0.2
Evocations     | |  0.1

Action                   || total
-------------------------++-------
Melee: Club              ||    17
       Bite              ||     3
Dodge: Dodged            ||     4
Block: Shield            ||    11

Table legend:
 A = Spawn XP
 B = Non-spawn XP
 C = Spawn XP percentage of total XP
 D = Spawn monster count
 E = Non-spawn monster count
 F = Spawn count percentage of total count
 G = Total turns spent on level
                    A         B        C        D         E        F      G
               +---------+---------+-------+---------+---------+-------+---------
         Total |       0 |       9 |   0.0 |       0 |       3 |   0.0 |   282
               +---------+---------+-------+---------+---------+-------+---------
           D:1 |       0 |       9 |   0.0 |       0 |       3 |   0.0 |   282
               +---------+---------+-------+---------+---------+-------+---------
